 Dungeon Crawl Stone Soup version 0.30-a0-585-g93115170b9 (webtiles) character file.

Game seed: 1281050628918003086

11286 wormed the Carver (level 11, -9/90 HPs)
             Began as a Merfolk Berserker on Jan 2, 2023.
             Was an Elder of Trog.
             Mangled by a polar bear (20 damage)
             ... on level 1 of the Lair of Beasts.
             The game lasted 00:16:09 (11761 turns).

wormed the Carver (Merfolk Berserker)              Turns: 11761, Time: 00:16:10

Health: -9/90      AC:  9    Str: 17    XL:     11   Next: 75%
Magic:  0/11       EV: 18    Int:  6    God:    Trog [****..]
Gold:   76         SH:  8    Dex: 19    Spells: 10/10 levels left

rFire   . . .      SeeInvis .    a - +3 falchion (venom)
rCold   . . .      Faith    .    v - +1 buckler
rNeg    . . .      Spirit   +    i - +0 acid dragon scales
rPois   +          Reflect  .    E - +2 hat of the Bear Spirit {Spirit, *Rage Will++}
rElec   .          Harm     .    F - +0 cloak
rCorr   +          Rampage  .    (no gloves)
Will    ++++.      Rage     20%  (no boots)
Stlth   +                        (no amulet)
HPRegen 1.35/turn                w - +4 ring of slaying
MPRegen 0.12/turn                D - ring of poison resistance

@: marked, strong-willed, on berserk cooldown, regenerating, slowed, very slow
A: (nimble swimmer 2), mertail
a: Renounce Religion, Berserk, Trog's Hand, Brothers in Arms


You were on level 1 of the Lair of Beasts.
You worshipped Trog.
Trog was greatly pleased with you.
You visited 2 branches of the dungeon, and saw 11 of its levels.

You collected 637 gold pieces.
You spent 561 gold pieces at shops.

Inventory:

Hand Weapons
 a - a +3 falchion of venom (weapon)
Armour
 i - +0 acid dragon scales (worn)
 v - a +1 buckler (worn)
 E - the +2 hat of the Bear Spirit (worn) {Spirit, *Rage Will++}
   (You bought it in a shop on level 4 of the Dungeon)

   Going berserk makes the wearer tougher, and they're slowed less afterward.
   *Rage:     It berserks you when you make melee attacks (+20% chance).
   Will:      It greatly increases your willpower.
 F - a +0 cloak (worn)
Jewellery
 g - a +6 ring of intelligence
 w - a +4 ring of slaying (left hand)
 D - a ring of poison resistance (right hand)
Wands
 p - a wand of acid (13) (quivered)
 t - a wand of roots (16)
 y - a wand of polymorph (6)
Scrolls
 b - 3 scrolls of teleportation
 j - a scroll of identify
 l - 3 scrolls of vulnerability
 m - a scroll of acquirement {unknown}
 n - a scroll of blinking
 A - 4 scrolls of fog
 C - 3 scrolls of fear
Potions
 c - 2 potions of resistance
 d - 5 potions of brilliance
 e - 4 potions of lignification
 f - 3 potions of ambrosia
 h - 5 potions of cancellation
 k - 4 potions of attraction {unknown}
 o - a potion of magic {unknown}
 q - 4 potions of mutation {unknown}
 r - 4 potions of curing {unknown}
 s - 7 potions of heal wounds {unknown}
 u - 2 potions of degeneration {unknown}
 x - a potion of flight {unknown}
 z - a potion of invisibility
 B - a potion of berserk rage {unknown}


   Skills:
 + Level 9.9 Fighting
 - Level 14.0 Long Blades
 - Level 1.3 Armour
 + Level 11.1 Dodging
 + Level 8.1 Shields


You had 10 spell levels left.
You didn't know any spells.
Your spell library was empty.

Dungeon Overview and Level Annotations

Branches:
Dungeon (10/15)            Temple (0/1) D:5            Lair (1/5) D:9
    Orc: D:9-12

Altars:
Ashenzari
Fedhas
Gozag
Makhleb
Ru
Trog
Zin

Shops:
D:3 *=[:   D:4 [[:   D:6 *   D:7 *

Annotations:
D:10 2 transporters


Innate Abilities, Weirdness & Mutations

((You are very nimble when in or above water. (Stealth+, EV+, Speed+++)))
Your lower body shifts to a powerful aquatic tail in water.


Message History

The polar bear looks as sick as possible!
The polar bear is moderately wounded.
A wolf comes into view.
You block the polar bear's attack. The polar bear completely misses you.
You block the polar bear's attack.
A wolf comes into view.
You slash the polar bear!
The polar bear looks as sick as possible!
The polar bear is severely wounded.
The polar bear goes berserk!
The komodo dragon bites you!
You barely miss the polar bear.
The polar bear is severely wounded.
The polar bear closely misses you. x3; The bullfrog misses you.
A wolf comes into view.
The komodo dragon bites you!
You hit the polar bear but do no damage.
The polar bear looks as sick as possible!
The polar bear is severely wounded.
The polar bear completely misses you. The polar bear misses you.
The polar bear closely misses you. The bullfrog barely misses you.
The polar bear bites you! The polar bear completely misses you.
The polar bear claws you but does no damage.
You block the bullfrog's attack. The komodo dragon misses you.
Your ogre goes berserk!
The polar bear closely misses you. The polar bear claws you.
The polar bear misses you. The bullfrog hits you.
The komodo dragon completely misses you.
The polar bear misses you. The polar bear closely misses you.
You block the polar bear's attack. The bullfrog closely misses you.
Your skin crawls.
You feel strong-willed. Trog will no longer gift you weapons.
You block the wolf's attack. You block the polar bear's attack.
The polar bear claws you.
The polar bear claws you but does no damage.
The bullfrog closely misses you. The wolf closely misses you.
The komodo dragon bites you!!
* * * LOW HITPOINT WARNING * * *
The wolf closely misses you. The polar bear bites you!!
You die...

#h..# ##.............# #..#
##........#8.8.8#
#..######...............#
#..#..##..........#....##
#.........##.####.##..###
######....##......##.....#
..........h#.#.....#.......
.........hFO.........#.....
.........l@....8...+...8.#.
##.######hh+.......#.......
# ####.##.#†.........
##.............#
#.....#.###..#.
##............#
##.....#.....#
##...?.#8.>.8#
#......#.....#


You could see a polar bear (berserk, extremely poisoned), a komodo dragon, 3
wolves, a bullfrog (ally target) and a friendly ogre (summoned, berserk).

Vanquished Creatures
  Gastronok (Lair:1)
  2 two-headed ogres
  A gargoyle (D:10)
  2 cane toads (Lair:1)
  A kobold demonologist (D:10)
  A troll (D:9)
  A shadow (D:10)
  13 yaks
  2 wyverns
  A wraith (D:10)
  A basilisk (Lair:1)
  3 steam dragons
  Edmund (D:4)
  An acid dragon (D:6)
  4 water moccasins (D:9)
  An orc warrior (D:9)
  2 ice beasts (D:6)
  3 black bears
  3 ogres
  2 phantoms (D:5)
  2 kobold brigands (D:8)
  6 bullfrogs
  Blork the orc (D:4)
  A gnoll sergeant (D:9)
  A necrophage (D:7)
  6 scorpions
  19 killer bees
  A howler monkey (D:5)
  4 quasits (D:4)
  A jelly (D:7)
  A gnoll bouda (D:7)
  2 hounds
  4 orc priests
  3 iguanas
  11 orc wizards
  11 gnolls
  11 adders
  11 shadow imps
  14 white imps
  7 ufetubi (D:4)
  4 worms
  A dart slug (D:5)
  34 orcs
  5 endoplasms
  5 giant cockroaches
  5 goblins
  11 hobgoblins
  5 jackals (D:1)
  6 quokkas
  12 ball pythons
  8 bats
  3 frilled lizards
  22 kobolds
  10 rats
294 creatures vanquished.

Vanquished Creatures (others)
  4 demonic plants (D:4)
  48 fungi
  44 plants
96 creatures vanquished.

Grand Total: 390 creatures vanquished

Notes
Turn   | Place    | Note
-------+----------+-------------------------------------------
     0 | D:1      | wormed the Merfolk Berserker began the quest for the Orb.
     0 | D:1      | Reached XP level 1. HP: 18/18 MP: 1/1
    36 | D:1      | Reached skill level 4 in Long Blades
    36 | D:1      | Reached XP level 2. HP: 9/24 MP: 2/2
   517 | D:1      | Reached XP level 3. HP: 29/29 MP: 3/3
   816 | D:2      | Reached ** piety under Trog
  1103 | D:2      | Reached XP level 4. HP: 29/37 MP: 4/4
  1203 | D:2      | Reached skill level 5 in Long Blades
  1407 | D:2      | Found a faded altar of an unknown god.
  1407 | D:2      | Noticed an orange demon
  1532 | D:3      | Found Quafiu's Assorted Antiques.
  1618 | D:3      | Found a sacrificial altar of Ru.
  1765 | D:3      | Found a bloodstained altar of Trog.
  1858 | D:3      | Found Xohusk's Jewellery Boutique.
  1893 | D:3      | Found Vofineum's Book Shoppe.
  1900 | D:3      | Found Xuitteoxt's Armour Boutique.
  1909 | D:3      | Bought a +0 buckler for 45 gold pieces
  2120 | D:4      | Found Qugafej's Armour Emporium.
  2134 | D:4      | Reached XP level 5. HP: 19/42 MP: 5/5
  2391 | D:4      | Noticed Blork the orc
  2436 | D:4      | Found Cobromoc's Armour Boutique.
  2596 | D:4      | Found Omaruy's Book Boutique.
  2621 | D:4      | Reached skill level 1 in Shields
  2804 | D:4      | Reached skill level 6 in Long Blades
  2804 | D:4      | Reached XP level 6. HP: 34/49 MP: 6/6
  3156 | D:4      | Reached *** piety under Trog
  3261 | D:4      | Killed Blork the orc
  3262 | D:4      | Reached skill level 5 in Dodging
  3262 | D:4      | Reached XP level 7. HP: 42/55 MP: 7/7
  3265 | D:4      | Reached skill level 5 in Fighting
  3265 | D:4      | Reached skill level 7 in Long Blades
  4215 | D:5      | Entered Level 5 of the Dungeon
  4298 | D:5      | Reached XP level 8. HP: 48/63 MP: 8/8
  4425 | D:5      | Found a staircase to the Ecumenical Temple.
  4434 | D:5      | Noticed Edmund
  4451 | D:5      | Reached skill level 8 in Long Blades
  4582 | D:4      | Killed Edmund
  4937 | D:5      | Found a broken altar of Ashenzari.
  5239 | D:6      | Reached skill level 9 in Long Blades
  5250 | D:6      | Reached XP level 9. HP: 42/71 MP: 9/9
  5520 | D:6      | Reached **** piety under Trog
  5604 | D:6      | Found Zin's Purification Station.
  5607 | D:6      | Found a glowing silver altar of Zin.
  6045 | D:6      | Reached skill level 10 in Long Blades
  6257 | D:6      | Found an opulent altar of Gozag.
  6318 | D:7      | Reached skill level 5 in Shields
  6430 | D:7      | Found Hauphab's General Store.
  6749 | D:7      | Bought a scroll of identify for 28 gold pieces
  7108 | D:8      | Reached skill level 11 in Long Blades
  7266 | D:8      | Reached XP level 10. HP: 68/79 MP: 10/10
  8066 | D:8      | Noticed a two-headed ogre
  8073 | D:8      | Killed a two-headed ogre
  8448 | D:9      | Reached skill level 12 in Long Blades
  8819 | D:9      | Reached ***** piety under Trog
  8973 | D:9      | Found a staircase to the Lair.
  8986 | D:9      | Found a blossoming altar of Fedhas.
  8995 | D:9      | Found a burning altar of Makhleb.
  9339 | D:9      | Reached skill level 10 in Dodging
  9339 | D:9      | Reached XP level 11. HP: 86/87 MP: 11/11
  9381 | D:9      | Reached skill level 13 in Long Blades
  9765 | D:10     | Entered Level 10 of the Dungeon
  9894 | D:10     | Noticed a sixfirhy
 10032 | D:10     | Noticed a two-headed ogre
 10041 | D:10     | Killed a two-headed ogre
 10689 | D:10     | Found a transporter.
 10806 | D:10     | HP: 6/133 [yak (14)]
 10814 | D:10     | Found a transporter.
 11295 | D:4      | Bought the +2 hat of the Bear Spirit {Spirit, *Rage Will++}
                  | for 488 gold pieces
 11295 | D:4      | Found the +2 hat of the Bear Spirit {Spirit, *Rage Will++}
 11427 | Lair:1   | Entered Level 1 of the Lair of Beasts
 11446 | Lair:1   | Identified the +5 broad axe of Exetteash {venom, rF+ Dex+7}
 11539 | Lair:1   | Noticed Gastronok
 11557 | Lair:1   | Killed Gastronok
 11557 | Lair:1   | Received a gift from Trog
 11558 | Lair:1   | Reached skill level 14 in Long Blades
 11649 | Lair:1   | Identified the +0 swamp dragon scales "Lextiosa" {rPois
                  | Will+}
 11761 | Lair:1   | Mangled by a polar bear

Illustrated notes

Levels and vault maps discovered:
D:1:      onia_arrival_handbag, layout_loops_cross,
          chequers_serial_rivers_micro_d
D:2:      layout_basic, dreamdust_ecumenical_altar_sealed_demon,
          minmay_tromino_v7
D:3:      layout_rooms, mainiacjoe_overflow_paths, lemuel_tele_altar,
          serial_shops, nicolae_shop_stone, shop, nicolae_shop_hallway_stairs,
          shop
D:4:      layout_loops_corners, portal_sewer_entry_e, serial_shops, shop, shop,
          shop, serial_demonic, serial_demonic_d, serial_demonic_a,
          serial_demonic_a, serial_demonic_c, serial_demonic_a,
          serial_demonic_d, serial_demonic_c, serial_demonic_c,
          serial_demonic_f, serial_demonic_e, dreamdust_wishing_well,
          uniq_blork_the_orc
D:5:      layout_rooms, nicolae_overflow_crystal_walls,
          minmay_temple_entry_gardened_gates, uniq_edmund
D:6:      layout_gridville, zin_purify, kennysheep_little_box
D:7:      layout_cave_pools, serial_shops, nicolae_shop_crystal
D:8:      layout_loops_corners, serial_bayou_pond_d,
          chequers_serial_rivers_micro_b, chequers_serial_rivers_micro_b
D:9:      layout_roguey, mainiacjoe_overflow_catch_the_wave,
          due_lair_maze_entry_diamond, fungi_pond_lemuel, due_unseen_surprise
D:10:     layout_stronghold, nicolae_diode_stairs
Lair:1:   dreamdust_isle_of_ice, layout_gridlike, grunt_megastairs_1,
          uniq_gastronok

Skill      XL: |  1  2  3  4  5  6  7  8  9 10 11 |
---------------+----------------------------------+-----
Long Blades    | 4 5 6 7 9 11 12 14 | 14.0
Dodging        | 3 4 5 7 8 10 11 | 11.1
Fighting       | 4 5 6 7 8 9 |  9.9
Shields        | 1 2 3 4 5 6 8 |  8.1
Armour         | |  1.3

Action                   |  1- 3 |  4- 6 |  7- 9 | 10-12 || total
-------------------------+-------+-------+-------+-------++-------
Melee: Falchion          |   121 |   255 |   332 |   328 ||  1036
       Punch             |     1 |       |       |       ||     1
Invok: Berserk           |     2 |     7 |     9 |     6 ||    24
       Trog's Hand       |       |       |     1 |     2 ||     3
       Brothers in Arms  |       |       |       |     1 ||     1
Evoke: Wand              |       |       |       |     2 ||     2
  Use: Scroll            |       |       |    17 |     6 ||    23
 Stab: Sleeping          |     2 |     1 |     2 |     1 ||     6
       Distracted        |       |     1 |       |       ||     1
Armor: Animal skin       |    32 |     6 |       |       ||    38
       Leather armour    |       |    98 |    46 |       ||   144
       Acid dragon scale |       |       |    20 |    50 ||    70
Dodge: Dodged            |   120 |   245 |   216 |   181 ||   762
Block: Buckler           |       |    35 |    81 |    81 ||   197

Table legend: (Time is in decaauts)
 A = Elapsed time spent in this place.
 B = Non-inter-level travel time spent in this place.
 C = Inter-level travel time spent in this place.
 D = Time resting spent in this place.
 E = Time spent auto-exploring this place.
 F = Levels seen in this place.
 G = Mean time per level.
                   A        B        C        D        E       F      G
               +--------+--------+--------+--------+--------+-----+--------+
         Total |  11879 |  11395 |    484 |   2385 |   7120 |  11 | 1079.9 |
       Dungeon |  11538 |  11055 |    483 |   2327 |   6909 |  10 | 1153.8 |
          Lair |    340 |    340 |      0 |     57 |    210 |   1 |  340.0 |
               +--------+--------+--------+--------+--------+-----+--------+

Top non-repeatable levels by time:
     D:4: 2269 daAuts
     D:8: 1580 daAuts
    D:10: 1436 daAuts
     D:6: 1142 daAuts
     D:9: 1108 daAuts
     D:7: 851 daAuts
     D:3: 837 daAuts
     D:1: 800 daAuts
     D:2: 756 daAuts
     D:5: 755 daAuts
  Lair:1: 340 daAuts
